 Dungeon Crawl Stone Soup version 0.23-a0-767-gdc19b93d68 (webtiles) character file.

415 Hercules1031 the Skirmisher (level 6, -10/48 HPs)
             Began as a Demonspawn Fighter on Jan 27, 2019.
             Mangled by an ogre
             ... wielding a +0 giant spiked club
              (19 damage)
             ... on level 4 of the Dungeon.
             The game lasted 00:07:11 (1934 turns).

Hercules1031 the Skirmisher (Demonspawn Fighter)    Turns: 1934, Time: 00:07:12

Health: -10/48     AC: 14    Str: 16 (18) XL:     6   Next: 60%
Magic:  6/6        EV:  5    Int:  9 (12) God:
Gold:   118        SH:  0    Dex:  9 (12) Spells: 5/5 levels left

rFire    + . .     SeeInvis .   a - +1 war axe
rCold    . . .     Gourm    .   c - +0 shield
rNeg     . . .     Faith    .   o - +0 chain mail
rPois    .         Spirit   .   d - +0 helmet
rElec    .         Reflect  +   p - +1 cloak
rCorr    .         Harm     .   (no gloves)
MR       .....                  (no boots)
Stlth    ..........             k - +3 amulet of reflection
HPRegen  0.00/turn              (no ring)
MPRegen  0.10/turn              (no ring)

@: confused, berserk cooldown, flying, slowed, very slow
A: icy blue scales 1, clever 1, demonic guardian 1, fire resistance 1, inhibited
regeneration, evolution 1
a: no special abilities


You were on level 4 of the Dungeon.
You were not hungry.

You visited 1 branch of the dungeon, and saw 4 of its levels.

You collected 118 gold pieces.

Inventory:

Hand Weapons
 a - a +1 war axe (weapon)
Armour
 b - a +0 scale mail
 c - a +0 shield (worn)
 d - a +0 helmet (worn)
 o - a +0 chain mail (worn)
 p - a +1 cloak (worn)
 q - a +0 pair of boots
Jewellery
 k - a +3 amulet of reflection (around neck)
Wands
 g - a wand of random effects (20)
Scrolls
 e - 2 scrolls of enchant armour {unknown}
 h - a scroll of identify
 i - 4 scrolls of teleportation
 j - a scroll of immolation
Comestibles
 f - 4 rations


   Skills:
 + Level 4.2 Fighting
 + Level 3.3 Axes
 + Level 3.8 Armour
 + Level 2.4 Dodging
 + Level 3.9 Shields


You had 5 spell levels left.
You didn't know any spells.
Your spell library was empty.

Dungeon Overview and Level Annotations

Branches:
Dungeon (4/15)
 Temple: D:4-7

Altars:
Cheibriados
Elyvilon
Fedhas
Hepliaklqana


Innate Abilities, Weirdness & Mutations

You are partially covered in icy blue scales. (AC +2)
A weak demonic guardian rushes to your aid.
Your mind is acute. (Int +2)
Your flesh is heat resistant. (rF+)
You do not regenerate when monsters are visible.
You evolve.


Message History

* * * LOW HITPOINT WARNING * * *
The ogre shouts!
You're too confused to move!
The orc hits you but does no damage.
The orc wizard points at you and mumbles some strange words.
The magic dart hits you! The orc barely misses you.
Unknown command.
Your ufetubus hits the orc wizard.
Your ufetubus barely misses the orc wizard.
The orc wizard casts a spell.
The orc wizard flickers and vanishes!
Deactivating autopickup; reactivate with Ctrl-A.
Something hits your ufetubus.
Unknown command.
The ogre closely misses your ufetubus. The orc hits you but does no damage.
The ogre barely misses your ufetubus.
You bump into the rock wall.
The orc closely misses you. The ogre closely misses your ufetubus.
There is a stone staircase leading down here.
The ogre hits you with a +0 giant spiked club!!
You die...

#†...# #.).###
#))...# ...
###...†.##.... #
#..........#
#.###..o..#.##
##.##..{o###..#.#
#.....##O5#.....#
#...<..†@......(.
#...#..≈≈≈.......
##..##≈≈≈≈≈......
#..#_≈≈.≈≈......
##.##≈≈≈≈≈......
.. ..≈≈≈.##....
..........#....
............##.
......##..


You could see an ogre, 2 orcs and a friendly ufetubus.

Vanquished Creatures
  Grinder (D:3)
  Sigmund (D:3)
  A hound (D:4)
  2 orc wizards (D:4)
  A hound skeleton (D:4)
  Robin (D:3)
  An adder (D:3)
  An ooze (D:2)
  2 dart slugs
  2 leopard geckos
  2 orcs (D:4)
  2 giant cockroaches
  12 goblins
  10 hobgoblins
  4 jackals (D:1)
  3 bats (D:2)
  8 frilled lizards
  3 kobolds
  7 rats
64 creatures vanquished.

Vanquished Creatures (collateral kills)
  An orc (D:4)
  A goblin (D:3)
  A frilled lizard (D:4)
3 creatures vanquished.

Grand Total: 67 creatures vanquished

Notes
Turn   | Place    | Note
-------+----------+-------------------------------------------
     0 | D:1      | Hercules1031 the Demonspawn Fighter began the quest for the
                  | Orb.
     0 | D:1      | Reached XP level 1. HP: 18/18 MP: 1/1
   139 | D:1      | Gained mutation: A weak demonic guardian rushes to your
                  | aid. [demonic ancestry]
   139 | D:1      | Reached XP level 2. HP: 10/24 MP: 2/2
   631 | D:2      | Gained mutation: You are partially covered in icy blue
                  | scales. (AC +2) [demonic ancestry]
   631 | D:2      | Reached XP level 3. HP: 27/29 MP: 3/3
   738 | D:2      | Found a hazy altar of Hepliaklqana.
   738 | D:2      | Found a blossoming altar of Fedhas.
   840 | D:2      | Reached skill level 1 in Dodging
   939 | D:2      | Found a white marble altar of Elyvilon.
  1146 | D:2      | Gained mutation: Your mind is acute. (Int +2) [potion of
                  | mutation]
  1146 | D:2      | Gained mutation: You evolve. [potion of mutation]
  1146 | D:2      | Gained mutation: You do not regenerate when monsters are
                  | visible. [potion of mutation]
  1146 | D:2      | Gained mutation: Your flesh is heat resistant. (rF+)
                  | [potion of mutation]
  1432 | D:3      | Noticed Robin
  1455 | D:3      | Noticed Grinder
  1460 | D:3      | Paralysed by Grinder for 3 turns
  1466 | D:3      | Killed Robin
  1469 | D:3      | Killed Grinder
  1469 | D:3      | Reached XP level 4. HP: 33/37 MP: 4/4
  1469 | D:3      | Reached XP level 5. HP: 38/42 MP: 5/5
  1728 | D:3      | Noticed Sigmund
  1758 | D:3      | Killed Sigmund
  1758 | D:3      | Reached skill level 4 in Fighting
  1758 | D:3      | Reached XP level 6. HP: 31/48 MP: 6/6
  1876 | D:4      | Found a snail-covered altar of Cheibriados.
  1934 | D:4      | Mangled by an ogre

Vault maps used:
D:1:      dpeg_arrival_pond
D:2:      gammafunk_temple_overflow_wave, nrook_mini_backslash, elyvilon_altar_1
D:3:      first_ration, uniq_sigmund, uniq_grinder, uniq_robin
D:4:      kennysheep_slug_shrine, serial_shops, kennysheep_little_box, shop,
          shop, shop

Skill      XL: |  1  2  3  4  5 |
---------------+----------------+-----
Axes           | 2 3 |  3.3
Shields        | 3 |  3.9
Dodging        | 1 2 |  2.4
Armour         | 3 |  3.8
Fighting       | 4 |  4.2

Action                   |  1- 3 |  4- 6 || total
-------------------------+-------+-------++-------
Melee: War axe           |   128 |    67 ||   195
  Use: Potion            |     6 |     6 ||    12
       Scroll            |     5 |     2 ||     7
 Stab: Distracted        |     1 |       ||     1
  Eat: Ration            |     1 |       ||     1
Armor: Scale mail        |    55 |       ||    55
       Chain mail        |    23 |    81 ||   104
Dodge: Dodged            |    41 |    31 ||    72
Block: Shield            |    85 |    35 ||   120
       Reflection        |       |     3 ||     3

Table legend:
 A = Non-vault XP
 B = Vault XP
 C = Vault XP percentage of total XP
 D = Non-vault monster count
 E = Vault monster count
 F = Vault count percentage of total count
                 A         B        C        D         E       F
            +---------+---------+-------+---------+---------+-------
      Total |     193 |     401 |  67.5 |      52 |      15 |  22.4
            +---------+---------+-------+---------+---------+-------
        D:1 |      34 |       0 |   0.0 |      22 |       0 |   0.0
        D:2 |      21 |       0 |   0.0 |      12 |       0 |   0.0
        D:3 |      30 |     397 |  93.0 |       9 |      14 |  60.9
        D:4 |     108 |       4 |   3.6 |       9 |       1 |  10.0
            +---------+---------+-------+---------+---------+-------
